 Dungeon Crawl Stone Soup version 0.29.0-15-g675c0067aa (webtiles) character file.

Game seed: 11316455867873863733

34894 qw the Cleaver (level 13, -11/84 HPs)
             Began as a Gargoyle Fighter on Sept 12, 2022.
             Was an Elder of Okawaru.
             Killed from afar by an oklob plant (14 damage)
             ... with a splash of acid
             ... on level 4 of the Lair of Beasts.
             The game lasted 00:06:09 (13385 turns).

qw the Cleaver (Gargoyle Fighter)                  Turns: 13385, Time: 00:06:10

Health: -11/84     AC: 31    Str: 29    XL:     13   Next: 80%
Magic:  13/18      EV: 15    Int:  9    God:    Okawaru [****..]
Gold:   1160       SH: 12    Dex: 14    Spells: 12/12 levels left

rFire   + . .      SeeInvis .   o - +2 broad axe (vamp)
rCold   . . .      Faith    .   c - +0 buckler
rNeg    + . .      Spirit   .   a - +8 ring mail of the Albatross {Rampage Will+ Regen+ Dex-5}
rPois   inf        Reflect  +   g - +0 helmet
rElec   +          Harm     .   t - +0 cloak
rCorr   .          Rampage  +   e - +2 pair of gloves
Will    +....                   v - +2 pair of boots {Stlth+}
Stlth   +++.......              A - amulet of reflection
HPRegen 1.04/turn               l - +6 ring of strength
MPRegen 0.16/turn               B - +6 ring of dexterity

@: about to teleport, heroic, finesse-ful, corroded
A: sickness immunity, AC +9, negative energy resistance 1, electricity
resistance, torment resistance 1, petrification resistance, agile 1, fire
resistance 1, low MP 1, wild magic 1
a: Renounce Religion, Heroism, Finesse


You were on level 4 of the Lair of Beasts.
You worshipped Okawaru.
Okawaru was greatly pleased with you.
You visited 2 branches of the dungeon, and saw 15 of its levels.

You collected 1209 gold pieces.
You spent 49 gold pieces at shops.


Innate Abilities, Weirdness & Mutations

You are immune to sickness and miasma.
Your stone body is resilient. (AC +9)
You are immune to poison.
You resist negative energy. (rN+)
You are resistant to electric shocks. (rElec)
You are resistant to unholy torment.
You are immune to petrification.
You are agile. (Dex +4, Str/Int -1)
Your flesh is heat resistant. (rF+)
Your magical capacity is low. (-10% MP)
Your spells are a little harder to cast, but a little more powerful.


   Skills:
 - Level 11.0(16.0) Fighting
 - Level 14.6(19.6) Axes
 + Level 5.5(10.5) Throwing
 - Level 7.0(12.0) Armour
 - Level 4.0(9.0) Dodging
 - Level 7.0(12.0) Shields
 - Level 10.0 Invocations


You had 12 spell levels left.
You didn't know any spells.
Your spell library was empty.

Inventory:

Hand Weapons
 o - a +2 vampiric broad axe (weapon)
 x - the +8 broad axe of Aruicab {flame, Drain rCorr Dex+3}
   (Okawaru gifted it to you on level 10 of the Dungeon)

   It burns those it strikes, dealing additional fire damage.
   Big, fiery blades are also staple armaments of hydra-hunters.
   Dex:       It affects your dexterity (+3).
   rCorr:     It protects you from acid and corrosion.
   Drain:     It drains your maximum health when unequipped.
Missiles
 q - a javelin
 C - a silver javelin (quivered)
Armour
 a - the +8 ring mail of the Albatross (worn) {Rampage Will+ Regen+ Dex-5}
   (You found it on level 2 of the Dungeon)

   Dex:       It affects your dexterity (-5).
   Regen:     It increases your rate of health regeneration.
   Rampage:   It bestows one free step when moving towards enemies.
   Will:      It increases your willpower.
 c - a +0 buckler (worn)
 e - a +2 pair of gloves (worn)
 g - a +0 helmet (worn)
 t - a +0 cloak (worn)
 u - a +2 scale mail of cold resistance
 v - a +2 pair of boots of stealth (worn)
 y - a +2 scale mail of fire resistance
Jewellery
 l - a +6 ring of strength (left hand)
 w - a ring of ice
 A - an amulet of reflection (around neck)
 B - a +6 ring of dexterity (right hand)
Scrolls
 b - 9 scrolls of teleportation
 k - 2 scrolls of identify
 m - a scroll of noise {unknown}
 z - 2 scrolls of blinking
Potions
 d - 2 potions of might
 f - 5 potions of haste
 h - 5 potions of lignification
 i - 13 potions of curing
 j - a potion of magic
 n - a potion of cancellation
 p - 2 potions of attraction
 r - 3 potions of heal wounds

Dungeon Overview and Level Annotations

Branches:
Dungeon (11/15)            Temple (0/1) D:4            Lair (4/5) D:11
  Swamp (0/4) Lair:3       Spider (0/4) Lair:3        Slime (0/5) Lair:4
    Orc (0/2) D:9

Altars:
Cheibriados
Elyvilon
Fedhas
Gozag
Kikubaaqudgha
Makhleb
Nemelex Xobeh
Okawaru
Qazlal
Trog
Vehumet
Xom
Yredelemnul
Zin
The Shining One
Jiyva

Shops:
D:3 =[[

Portals:
Trove: D:11 (give horn of Geryon)

Annotations:
D:8 3 runed translucent doors, qw's ghost, novice DsCA
D:9 4 transporters


Message History

The black mamba bites you but does no damage.
You slice the black mamba!!
You kill the black mamba!
Okawaru accepts your kill.
You rampage towards the oklob plant!
You slice the oklob plant!!
The oklob plant is heavily damaged.
You hit the oklob plant but do no damage.
The oklob plant spits acid at you. The splash of acid hits you!
The acid corrodes you!
You hit the oklob plant but do no damage.
The oklob plant is heavily damaged.
You slash the oklob plant!
You hit the oklob plant but do no damage.
The oklob plant is heavily damaged.
You hit the oklob plant. You slash the oklob plant!
The oklob plant is severely damaged.
You hit the oklob plant but do no damage.
The oklob plant spits acid at you. The splash of acid hits you!!
The oklob plant spits acid at you. The splash of acid misses you.
13384 ||| DRINKING 2 potions of cancellation.
Your magical effects are unravelling.
You feel magically purged.
You are no longer corroded.
The oklob plant spits acid at you. The splash of acid hits you!!
The acid corrodes you! The oklob plant spits acid at you.
The splash of acid hits you!!
13385 ||| READING 10 scrolls of teleportation.
As you read the scroll of teleportation, it crumbles to dust.
You feel strangely unstable. The oklob plant spits acid at you.
The splash of acid hits you. The oklob plant spits acid at you.
The splash of acid hits you. The oklob plant spits acid at you.
The splash of acid hits you!
You die...

####################
#.#..#P#...##.#P...####
#.....................#
.....................##
....................[.#
.................P_...#
.P..............@>P..#
.................PP..#
##....................#
#....................##
##.....................
##............##.......P
##.......#.#............
..#.#...###............#
.#(............#.......


You could see 4 oklob plants.

Vanquished Creatures
  Snorg (Lair:3)
  Fannar (D:10)
  3 hydras
  Erolcha (D:10)
  A centaur warrior (D:11)
  A catoblepas (Lair:4)
  A boulder beetle (Lair:3)
  Erica (D:10)
  A two-headed ogre (D:10)
  3 death yaks (Lair:2)
  An oklob plant (Lair:4)
  4 black mambas (Lair:4)
  Maurice (D:10)
  Joseph (Lair:1)
  7 cane toads
  A torpor snail (Lair:3)
  2 unseen horrors (D:10)
  A kobold demonologist (D:10)
  A rime drake (Lair:4)
  6 komodo dragons
  3 trolls
  2 polar bears (Lair:2)
  Grinder (D:6)
  Prince Ribbit (D:6)
  22 blink frogs
  A shadow (D:9)
  A wraith (D:11)
  35 yaks
  A wyvern (D:8)
  2 steam dragons
  An orc warrior (D:9)
  12 water moccasins
  An ice beast (D:7)
  3 ogres
  A black bear (D:5)
  25 wolves
  5 centaurs
  A kobold brigand (D:10)
  A necrophage (D:6)
  A gnoll sergeant (D:7)
  7 bullfrogs
  Blork the orc (D:4)
  6 scorpions
  5 wights (D:9)
  22 killer bees
  5 howler monkeys
  4 electric eels (Lair:3)
  A lava snake (D:11)
  A crimson imp (D:8)
  3 jellies
  2 hounds (D:6)
  9 orc priests
  A gnoll bouda (D:9)
  Terence (D:3)
  3 iguanas
  8 orc wizards
  Robin (D:2)
  7 adders
  12 gnolls
  2 white imps
  3 worms
  A dart slug (D:3)
  30 orcs
  2 bats
  4 endoplasms
  4 giant cockroaches
  12 goblins
  7 hobgoblins
  7 quokkas
  3 ball pythons
  2 frilled lizards
  13 kobolds
  7 rats
355 creatures vanquished.

Vanquished Creatures (others)
  7 fungi
  20 plants
27 creatures vanquished.

Grand Total: 382 creatures vanquished

Notes
Turn   | Place    | Note
-------+----------+-------------------------------------------
     0 | D:1      | qw the Gargoyle Fighter began the quest for the Orb.
     0 | D:1      | Reached XP level 1. HP: 14/14 MP: 1/1
     0 | D:1      | 0 ||| qw: Version: 0.1-a-119-g272c26d
     0 | D:1      | 0 ||| qw: Game counter: 10948
     0 | D:1      | 0 ||| qw: Always use a shield: true
     0 | D:1      | 0 ||| qw: God list: Okawaru
     0 | D:1      | 0 ||| qw: Allow faded altars: false
     0 | D:1      | 0 ||| qw: Do Orc after D:15 true
     0 | D:1      | 0 ||| qw: Do second Lair branch before Depths: true
     0 | D:1      | 0 ||| qw: Lair rune preference: random
     0 | D:1      | 0 ||| qw: Plans: Normal, Zot, God:TSO, Crypt, Tomb, Pan,
                  | Slime, Hells, Zig, Abyss, Orb
     0 | D:1      | 0 ||| PLANNING D:1-11
    42 | D:1      | You fall into a shaft and drop 1 floor!
    62 | D:2      | 62 ||| Stepping ~*~*~tactically~*~*~ (stealth).
    66 | D:2      | 66 ||| Stepping ~*~*~tactically~*~*~ (stealth).
   173 | D:2      | 173 ||| DROPPING +0 whip.
   222 | D:2      | 222 ||| Stepping ~*~*~tactically~*~*~ (stealth).
   229 | D:2      | Reached skill level 2 in Axes
   397 | D:2      | Reached XP level 2. HP: 19/19 MP: 2/2
   673 | D:2      | 673 ||| Stepping ~*~*~tactically~*~*~ (stealth).
   747 | D:2      | 747 ||| READING scroll labelled CUER BUTOINOO.
   748 | D:2      | 748 ||| READING scroll labelled UCOTHRI JETTOI.
   749 | D:2      | 749 ||| DRINKING 2 dark potions.
   944 | D:1      | Reached skill level 3 in Axes
  1040 | D:1      | Reached XP level 3. HP: 23/23 MP: 3/3
  1106 | D:1      | Found a faded altar of an unknown god.
  1237 | D:1      | 1237 ||| READING scroll labelled BUBAQO BINA.
  1238 | D:1      | 1238 ||| READING scroll labelled ZUCSU DACUZ.
  1267 | D:2      | Identified the +8 ring mail of the Albatross {Rampage Will+
                  | Regen+ Dex-5}
  1296 | D:2      | Noticed Robin
  1297 | D:2      | 1297 ||| Stepping ~*~*~tactically~*~*~ (hiding).
  1304 | D:2      | Killed Robin
  1524 | D:2      | Reached XP level 4. HP: 28/28 MP: 4/4
  1773 | D:2      | 1773 ||| UPGRADING to +8 ring mail of the Albatross
                  | {Rampage Will+ Regen+ Dex-5}.
  1783 | D:2      | 1783 ||| DROPPING +0 scale mail.
  1784 | D:2      | 1784 ||| UPGRADING to +0 helmet.
  1828 | D:3      | 1828 ||| STAIRDANCE
  1853 | D:3      | Found an ancient bone altar of Kikubaaqudgha.
  1861 | D:3      | Found Cuowk's Armour Shop.
  1886 | D:3      | 1886 ||| SHOPLISTING +1 plate armour of poison resistance
                  | (320 gold, have 159).
  1901 | D:3      | Reached skill level 4 in Axes
  1991 | D:3      | Found Weujaott's Armour Emporium.
  1994 | D:3      | Found Iplegitrikk's Jewellery Emporium.
  1999 | D:3      | 1999 ||| BUYING +0 pair of boots (49 gold).
  1999 | D:3      | Bought a +0 pair of boots for 49 gold pieces
  2017 | D:3      | 2017 ||| SHOPLISTING +4 ring of protection (432 gold, have
                  | 135).
  2017 | D:3      | 2017 ||| SHOPLISTING amulet of reflection (360 gold, have
                  | 135).
  2017 | D:3      | 2017 ||| SHOPLISTING amulet of the acrobat (360 gold, have
                  | 135).
  2017 | D:3      | 2017 ||| SHOPLISTING ring of protection from fire (300
                  | gold, have 135).
  2017 | D:3      | 2017 ||| SHOPLISTING ring of resist corrosion (240 gold,
                  | have 135).
  2052 | D:3      | Found an iron altar of Okawaru.
  2089 | D:3      | Noticed Terence
  2090 | D:3      | 2090 ||| Stepping ~*~*~tactically~*~*~ (stealth).
  2108 | D:3      | Killed Terence
  2278 | D:3      | 2278 ||| UPGRADING to +0 pair of boots.
  2283 | D:3      | 2283 ||| DROPPING amulet of faith.
  2284 | D:3      | 2284 ||| UPGRADING to amulet of regeneration.
  2289 | D:3      | 2289 ||| READING scroll labelled OJEARU YHIURAA.
  2290 | D:3      | 2290 ||| READING scroll labelled QENEIT OMMUY.
  2291 | D:3      | 2291 ||| DRINKING 2 viscous inky potions.
  2292 | D:3      | 2292 ||| DROPPING potion of degeneration.
  2310 | D:3      | Reached XP level 5. HP: 32/32 MP: 5/5
  2410 | D:3      | 2410 ||| READING 3 scrolls of identify.
  2410 | D:3      | 2410 ||| IDENTIFYING coppery potion
  2411 | D:3      | 2411 ||| READING 2 scrolls of identify.
  2411 | D:3      | 2411 ||| IDENTIFYING yellow potion
  2412 | D:3      | 2412 ||| DROPPING potion of brilliance.
  2413 | D:3      | 2413 ||| DROPPING potion of invisibility.
  2416 | D:3      | Became a worshipper of Warmaster Okawaru
  2433 | D:4      | Noticed an ogre
  2440 | D:4      | 2440 ||| STAIRDANCE
  2443 | D:3      | Killed an ogre
  2444 | D:3      | Reached skill level 5 in Axes
  2571 | D:4      | Reached XP level 6. HP: 38/38 MP: 6/6
  2578 | D:4      | Identified the +8 sling of Grace {freeze, Stlth+}
  2740 | D:4      | Noticed Blork the orc
  2741 | D:4      | 2741 ||| Stepping ~*~*~tactically~*~*~ (hiding).
  2750 | D:4      | Killed Blork the orc
  2750 | D:4      | Reached * piety under Okawaru
  2753 | D:4      | 2753 ||| DROPPING +2 whip of electrocution.
  3048 | D:4      | Found a staircase to the Ecumenical Temple.
  3051 | D:4      | 3051 ||| READING scroll labelled BOC YRUCILE.
  3052 | D:4      | 3052 ||| DRINKING 2 sapphire potions.
  3053 | D:4      | 3053 ||| DRINKING 2 green potions.
  3054 | D:4      | 3054 ||| READING 2 scrolls of identify.
  3054 | D:4      | 3054 ||| IDENTIFYING black potion
  3055 | D:4      | 3055 ||| DROPPING potion of flight.
  3078 | D:5      | Entered Level 5 of the Dungeon
  3199 | D:5      | Reached skill level 1 in Invocations
  3199 | D:5      | Reached XP level 7. HP: 44/44 MP: 6/8
  3220 | D:5      | Found a radiant altar of Vehumet.
  3350 | D:5      | 3350 ||| INVOKING Heroism.
  3355 | D:5      | Reached skill level 6 in Axes
  3373 | D:5      | 3373 ||| INVOKING Heroism.
  3492 | D:5      | 3492 ||| INVOKING Heroism.
  3506 | D:5      | Reached skill level 3 in Invocations
  3538 | D:5      | Found a blossoming altar of Fedhas.
  3792 | D:5      | 3792 ||| READING scroll labelled ZEFIAM FAESH.
  3793 | D:5      | 3793 ||| READING scroll labelled QUTISU LARARIJ.
  3794 | D:5      | 3794 ||| READING scroll labelled HOROCU WATUOC.
  3795 | D:5      | 3795 ||| READING 2 scrolls of identify.
  3795 | D:5      | 3795 ||| IDENTIFYING orange potion
  3952 | D:6      | 3952 ||| INVOKING Heroism.
  4161 | D:6      | 4161 ||| Stepping ~*~*~tactically~*~*~ (hiding).
  4170 | D:6      | Reached ** piety under Okawaru
  4171 | D:6      | Reached XP level 8. HP: 48/48 MP: 9/11
  4212 | D:6      | Found a bloodstained altar of Trog.
  4282 | D:6      | Reached skill level 7 in Axes
  4300 | D:6      | Noticed Prince Ribbit
  4301 | D:6      | 4301 ||| Stepping ~*~*~tactically~*~*~ (hiding).
  4305 | D:6      | 4305 ||| INVOKING Heroism.
  4323 | D:6      | 4323 ||| INVOKING Heroism.
  4331 | D:6      | Killed Prince Ribbit
  4343 | D:6      | 4343 ||| DROPPING +0 flail.
  4369 | D:6      | 4369 ||| INVOKING Heroism.
  4444 | D:6      | Reached skill level 8 in Axes
  4610 | D:6      | 4610 ||| Stepping ~*~*~tactically~*~*~ (hiding).
  4828 | D:6      | Noticed Grinder
  4829 | D:6      | 4829 ||| INVOKING Heroism.
  4838 | D:6      | 4838 ||| Stepping ~*~*~tactically~*~*~ (hiding).
  4841 | D:6      | Reached skill level 1 in Throwing
  4849 | D:6      | Killed Grinder
  4850 | D:6      | Reached skill level 3 in Throwing
  4898 | D:6      | 4898 ||| UPGRADING to +0 pair of gloves.
  4903 | D:6      | 4903 ||| UPGRADING to +6 ring of strength.
  4904 | D:6      | 4904 ||| DRINKING 2 fuming purple potions.
  4904 | D:6      | Gained mutation: You sometimes lose your temper in combat.
                  | [potion of mutation]
  4904 | D:6      | Gained mutation: Your body sometimes deteriorates upon
                  | taking damage. [potion of mutation]
  4904 | D:6      | Gained mutation: You have hidden genetic defects. [potion
                  | of mutation]
  4905 | D:6      | 4905 ||| DRINKING potion of mutation.
  4905 | D:6      | Lost mutation: You sometimes lose your temper in combat.
                  | [potion of mutation]
  4905 | D:6      | Lost mutation: Your body sometimes deteriorates upon taking
                  | damage. [potion of mutation]
  4905 | D:6      | Lost mutation: You have hidden genetic defects. [potion of
                  | mutation]
  4905 | D:6      | Gained mutation: Your flesh is heat resistant. (rF+)
                  | [potion of mutation]
  4905 | D:6      | Gained mutation: You have hidden genetic potential. [potion
                  | of mutation]
  4905 | D:6      | Gained mutation: Your magical capacity is low. (-10% MP)
                  | [potion of mutation]
  4961 | D:7      | Reached XP level 9. HP: 55/55 MP: 10/10
  5076 | D:7      | Reached *** piety under Okawaru
  5077 | D:7      | Reached skill level 6 in Fighting
  5132 | D:7      | 5132 ||| INVOKING Heroism.
  5151 | D:7      | Received a gift from Okawaru
  5268 | D:7      | 5268 ||| Stepping ~*~*~tactically~*~*~ (hiding).
  5352 | D:7      | 5352 ||| INVOKING Heroism.
  5356 | D:7      | Reached skill level 9 in Axes
  5375 | D:7      | Gained mutation: You are agile. (Dex +4, Str/Int -1)
                  | [hidden potential]
  5380 | D:7      | Reached skill level 1 in Dodging
  5390 | D:7      | 5390 ||| Stepping ~*~*~tactically~*~*~ (stealth).
  5397 | D:7      | 5397 ||| INVOKING Heroism.
  5475 | D:7      | 5475 ||| Stepping ~*~*~tactically~*~*~ (stealth).
  5476 | D:7      | 5476 ||| Stepping ~*~*~tactically~*~*~ (stealth).
  5659 | D:8      | 5659 ||| Stepping ~*~*~tactically~*~*~ (hiding).
  5857 | D:8      | Found a snail-covered altar of Cheibriados.
  5911 | D:8      | 5911 ||| Stepping ~*~*~tactically~*~*~ (stealth).
  5931 | D:8      | 5931 ||| Stepping ~*~*~tactically~*~*~ (hiding).
  5932 | D:8      | 5932 ||| Stepping ~*~*~tactically~*~*~ (stealth).
  5935 | D:8      | 5935 ||| INVOKING Heroism.
  5940 | D:8      | Reached XP level 10. HP: 45/63 MP: 8/11
  5984 | D:8      | 5984 ||| Stepping ~*~*~tactically~*~*~ (stealth).
  5993 | D:8      | Reached skill level 10 in Axes
  6092 | D:8      | 6092 ||| Stepping ~*~*~tactically~*~*~ (stealth).
  6094 | D:8      | 6094 ||| INVOKING Heroism.
  6107 | D:8      | Reached **** piety under Okawaru
  6133 | D:8      | 6133 ||| Stepping ~*~*~tactically~*~*~ (stealth).
  6135 | D:8      | 6135 ||| Stepping ~*~*~tactically~*~*~ (stealth).
  6152 | D:8      | 6152 ||| INVOKING Heroism.
  6319 | D:8      | 6319 ||| INVOKING Heroism.
  6365 | D:8      | Found a runed translucent gate.
  6365 | D:8      | Found a runed translucent gate.
  6365 | D:8      | Found a runed translucent gate.
  6366 | D:8      | Found an opulent altar of Gozag.
  6367 | D:8      | Noticed qw's ghost (novice DsCA)
  6560 | D:8      | Found a shimmering altar of Xom.
  6561 | D:8      | Found a burning altar of Makhleb.
  6574 | D:8      | 6574 ||| Stepping ~*~*~tactically~*~*~ (hiding).
  6810 | D:8      | 6810 ||| Stepping ~*~*~tactically~*~*~ (hiding).
  7013 | D:8      | 7013 ||| READING scroll labelled UMMAYMPIOH.
  7014 | D:8      | 7014 ||| READING scroll labelled RELLALLU EVADGH.
  7040 | D:9      | 7040 ||| INVOKING Heroism.
  7090 | D:9      | Found a transporter.
  7107 | D:9      | 7107 ||| Stepping ~*~*~tactically~*~*~ (stealth).
  7123 | D:9      | Gained mutation: Your spells are a little harder to cast,
                  | but a little more powerful. [hidden potential]
  7123 | D:9      | Lost mutation: You have hidden genetic potential. [hidden
                  | potential expressed]
  7157 | D:9      | Found a transporter.
  7161 | D:9      | Found a transporter.
  7181 | D:9      | Found a transporter.
  7279 | D:9      | 7279 ||| Stepping ~*~*~tactically~*~*~ (stealth).
  7286 | D:9      | 7286 ||| INVOKING Heroism.
  7337 | D:9      | 7337 ||| DROPPING +2 flail of draining.
  7370 | D:9      | Found a glowing golden altar of the Shining One.
  7371 | D:9      | Found a stormy altar of Qazlal.
  7382 | D:9      | Found a white marble altar of Elyvilon.
  7400 | D:9      | Found a flagged portal.
  7412 | D:9      | Reached skill level 6 in Invocations
  7427 | D:9      | 7427 ||| INVOKING Heroism.
  7474 | D:9      | 7474 ||| INVOKING Heroism.
  7565 | D:9      | Found a staircase to the Orcish Mines.
  7639 | D:9      | 7639 ||| INVOKING Heroism.
  7786 | D:9      | Found a sparkling altar of Nemelex Xobeh.
  7786 | D:9      | Found a glowing silver altar of Zin.
  7787 | D:9      | Found a basalt altar of Yredelemnul.
  7875 | D:9      | 7875 ||| READING scroll labelled AFACKI DUMUR.
  7875 | D:9      | Identified a scroll of acquirement
  7875 | D:9      | 7875 ||| ACQUIRING +1 vampiric broad axe
  7875 | D:9      | Acquired a +1 vampiric broad axe
  7877 | D:9      | 7877 ||| SWAPPING to +1 vampiric broad axe.
  7878 | D:9      | 7878 ||| DROPPING +1 war axe.
  7879 | D:9      | 7879 ||| READING 2 scrolls of identify.
  7879 | D:9      | 7879 ||| IDENTIFYING lumpy cyan potion
  7917 | D:10     | Entered Level 10 of the Dungeon
  7918 | D:10     | 7918 ||| INVOKING Heroism.
  7983 | D:10     | 7983 ||| FLEEEEING.
  7985 | D:10     | 7985 ||| INVOKING Heroism.
  8044 | D:10     | Reached XP level 11. HP: 59/68 MP: 13/14
  8045 | D:10     | Reached ***** piety under Okawaru
  8095 | D:10     | Noticed Erolcha
  8096 | D:10     | 8096 ||| Stepping ~*~*~tactically~*~*~ (hiding).
  8097 | D:10     | 8097 ||| Stepping ~*~*~tactically~*~*~ (hiding).
  8098 | D:10     | 8098 ||| INVOKING Heroism.
  8099 | D:10     | 8099 ||| INVOKING Finesse.
  8108 | D:10     | Killed Erolcha
  8109 | D:10     | Reached skill level 11 in Axes
  8271 | D:10     | 8271 ||| INVOKING Heroism.
  8303 | D:10     | 8303 ||| READING scroll of enchant armour.
  8303 | D:10     | 8303 ||| ENCHANTING +0 pair of gloves.
  8349 | D:10     | Noticed Maurice
  8369 | D:10     | Killed Maurice
  8434 | D:10     | Noticed Fannar
  8440 | D:10     | 8440 ||| INVOKING Heroism.
  8475 | D:10     | Killed Fannar
  8475 | D:10     | Received a gift from Okawaru
  8610 | D:10     | 8610 ||| UPGRADING to +0 cloak.
  8674 | D:11     | 8674 ||| INVOKING Heroism.
  8676 | D:11     | 8676 ||| STAIRDANCE
  8693 | D:11     | Reached skill level 9 in Invocations
  8710 | D:11     | Noticed a centaur warrior
  8711 | D:11     | 8711 ||| Stepping ~*~*~tactically~*~*~ (hiding).
  8712 | D:11     | 8712 ||| Stepping ~*~*~tactically~*~*~ (hiding).
  8714 | D:11     | 8714 ||| Stepping ~*~*~tactically~*~*~ (hiding).
  8729 | D:11     | Killed a centaur warrior
  8736 | D:11     | Noticed a two-headed ogre
  8737 | D:11     | 8737 ||| FLEEEEING.
  8738 | D:11     | 8738 ||| FLEEEEING.
  8739 | D:11     | 8739 ||| FLEEEEING.
  8739 | D:11     | Noticed Erica
  8740 | D:11     | 8740 ||| STAIRDANCE
  8844 | D:11     | 8844 ||| INVOKING Heroism.
  8845 | D:11     | 8845 ||| STAIRDANCE
  8847 | D:10     | 8847 ||| INVOKING Finesse.
  8853 | D:10     | Killed Erica
  8853 | D:10     | Identified the +8 broad axe of Aruicab {flame, Drain rCorr
                  | Dex+3} (Okawaru gifted it to you on level 10 of the
                  | Dungeon)
  8853 | D:10     | Received a gift from Okawaru
  8895 | D:10     | 8895 ||| DROPPING +1 flail of protection.
  8901 | D:11     | 8901 ||| INVOKING Heroism.
  8904 | D:11     | Noticed a sun demon
  8904 | D:11     | 8904 ||| STAIRDANCE
  8907 | D:10     | Killed a two-headed ogre
  8917 | D:10     | 8917 ||| READING scroll of enchant armour.
  8917 | D:10     | 8917 ||| ENCHANTING +1 pair of gloves.
  9057 | D:11     | Noticed a lindwurm
  9058 | D:11     | 9058 ||| INVOKING Heroism.
  9100 | D:11     | Reached skill level 9 in Fighting
  9103 | D:11     | 9103 ||| Stepping ~*~*~tactically~*~*~ (stealth).
  9104 | D:11     | 9104 ||| Stepping ~*~*~tactically~*~*~ (stealth).
  9105 | D:11     | 9105 ||| Stepping ~*~*~tactically~*~*~ (stealth).
  9202 | D:11     | Found a portal to a secret trove of treasure.
  9245 | D:11     | Noticed a lindwurm
  9251 | D:11     | Noticed a lindwurm
  9264 | D:11     | Noticed a lindwurm
  9300 | D:11     | Found a staircase to the Lair.
  9302 | D:11     | 9302 ||| INVOKING Heroism.
  9362 | D:11     | Noticed an eight-headed hydra
  9363 | D:11     | 9363 ||| INVOKING Heroism.
  9364 | D:11     | 9364 ||| INVOKING Finesse.
  9367 | D:11     | 9367 ||| SWAPPING to +8 broad axe of Aruicab {flame, Drain
                  | rCorr Dex+3}.
  9374 | D:11     | Killed a five-headed hydra
  9375 | D:11     | Reached skill level 3 in Dodging
  9375 | D:11     | 9375 ||| SWAPPING to +1 vampiric broad axe.
  9451 | D:11     | 9451 ||| FLEEEEING.
  9560 | D:11     | 9560 ||| Stepping ~*~*~tactically~*~*~ (stealth).
  9694 | D:11     | 9694 ||| INVOKING Heroism.
  9728 | D:11     | 9728 ||| FLEEEEING.
  9729 | D:11     | 9729 ||| FLEEEEING.
  9730 | D:11     | 9730 ||| INVOKING Heroism.
  9756 | D:11     | 9756 ||| PLANNING LAIR
  9756 | D:11     | 9756 ||| READING scroll labelled ALINAK BIG.
  9783 | Lair:1   | Entered Level 1 of the Lair of Beasts
  9854 | Lair:1   | Reached XP level 12. HP: 64/65 MP: 17/17
  9857 | Lair:1   | 9857 ||| Stepping ~*~*~tactically~*~*~ (stealth).
  9859 | Lair:1   | 9859 ||| INVOKING Heroism.
  9860 | Lair:1   | 9860 ||| Stepping ~*~*~tactically~*~*~ (stealth).
  9906 | Lair:1   | 9906 ||| INVOKING Heroism.
  9909 | Lair:1   | Reached skill level 12 in Axes
  9966 | Lair:1   | Reached skill level 6 in Shields
  9972 | Lair:1   | Received a gift from Okawaru
 10156 | Lair:1   | Noticed Joseph
 10157 | Lair:1   | 10157 ||| Stepping ~*~*~tactically~*~*~ (hiding).
 10170 | Lair:1   | Killed Joseph
 10753 | Lair:1   | 10753 ||| READING scroll labelled WUSEWO SAYH.
 10797 | Lair:2   | 10797 ||| INVOKING Heroism.
 10799 | Lair:2   | 10799 ||| STAIRDANCE
 10879 | Lair:2   | 10879 ||| INVOKING Heroism.
 10887 | Lair:2   | Reached skill level 6 in Armour
 10904 | Lair:2   | 10904 ||| Stepping ~*~*~tactically~*~*~ (stealth).
 10905 | Lair:2   | 10905 ||| Stepping ~*~*~tactically~*~*~ (stealth).
 10908 | Lair:2   | Noticed a death yak
 10909 | Lair:2   | 10909 ||| INVOKING Finesse.
 10910 | Lair:2   | Noticed a death yak
 10911 | Lair:2   | 10911 ||| Stepping ~*~*~tactically~*~*~ (stealth).
 10915 | Lair:2   | Noticed a death yak
 10935 | Lair:2   | Killed a death yak
 10941 | Lair:2   | Killed a death yak
 10953 | Lair:2   | Killed a death yak
 11002 | Lair:2   | Noticed a seven-headed hydra
 11003 | Lair:2   | 11003 ||| INVOKING Heroism.
 11004 | Lair:2   | 11004 ||| INVOKING Finesse.
 11006 | Lair:2   | 11006 ||| SWAPPING to +8 broad axe of Aruicab {flame, Drain
                  | rCorr Dex+3}.
 11012 | Lair:2   | Killed a three-headed hydra
 11013 | Lair:2   | 11013 ||| SWAPPING to +1 vampiric broad axe.
 11095 | Lair:2   | 11095 ||| INVOKING Heroism.
 11105 | Lair:2   | 11105 ||| Stepping ~*~*~tactically~*~*~ (stealth).
 11107 | Lair:2   | 11107 ||| Stepping ~*~*~tactically~*~*~ (stealth).
 11110 | Lair:2   | Reached skill level 13 in Axes
 11143 | Lair:2   | 11143 ||| INVOKING Heroism.
 11265 | Lair:2   | 11265 ||| INVOKING Heroism.
 11266 | Lair:2   | 11266 ||| Stepping ~*~*~tactically~*~*~ (stealth).
 11267 | Lair:2   | 11267 ||| Stepping ~*~*~tactically~*~*~ (stealth).
 11480 | Lair:2   | Noticed a seven-headed hydra
 11481 | Lair:2   | 11481 ||| Stepping ~*~*~tactically~*~*~ (stealth).
 11483 | Lair:2   | 11483 ||| INVOKING Heroism.
 11484 | Lair:2   | 11484 ||| INVOKING Finesse.
 11487 | Lair:2   | 11487 ||| SWAPPING to +8 broad axe of Aruicab {flame, Drain
                  | rCorr Dex+3}.
 11494 | Lair:2   | Killed a three-headed hydra
 11495 | Lair:2   | Reached XP level 13. HP: 82/82 MP: 11/18
 11495 | Lair:2   | 11495 ||| SWAPPING to +1 vampiric broad axe.
 11712 | Lair:2   | 11712 ||| Stepping ~*~*~tactically~*~*~ (stealth).
 11756 | Lair:2   | 11756 ||| UPGRADING to amulet of reflection.
 11766 | Lair:2   | 11766 ||| DROPPING amulet of regeneration.
 11767 | Lair:2   | 11767 ||| UPGRADING to +6 ring of dexterity.
 11905 | Lair:3   | 11905 ||| INVOKING Heroism.
 11912 | Lair:3   | Received a gift from Okawaru
 11949 | Lair:3   | 11949 ||| INVOKING Heroism.
 12087 | Lair:3   | Found a dark tunnel.
 12141 | Lair:3   | Found a staircase to the Swamp.
 12144 | Lair:3   | 12144 ||| INVOKING Heroism.
 12173 | Lair:3   | 12173 ||| INVOKING Finesse.
 12198 | Lair:3   | Reached skill level 14 in Axes
 12239 | Lair:3   | 12239 ||| INVOKING Heroism.
 12293 | Lair:3   | 12293 ||| INVOKING Heroism.
 12299 | Lair:3   | Noticed Snorg
 12300 | Lair:3   | 12300 ||| INVOKING Finesse.
 12329 | Lair:3   | Killed Snorg
 12331 | Lair:3   | 12331 ||| INVOKING Heroism.
 12395 | Lair:3   | 12395 ||| Stepping ~*~*~tactically~*~*~ (stealth).
 12398 | Lair:3   | 12398 ||| Stepping ~*~*~tactically~*~*~ (stealth).
 12400 | Lair:3   | 12400 ||| INVOKING Heroism.
 12409 | Lair:3   | 12409 ||| Stepping ~*~*~tactically~*~*~ (stealth).
 12411 | Lair:3   | Found a hole to the Spider Nest.
 12656 | Lair:3   | 12656 ||| UPGRADING to +2 pair of boots of stealth.
 12666 | Lair:3   | 12666 ||| DROPPING +0 pair of boots.
 12667 | Lair:3   | 12667 ||| READING 3 scrolls of identify.
 12667 | Lair:3   | 12667 ||| IDENTIFYING glowing grey potion
 12668 | Lair:3   | 12668 ||| DROPPING potion of ambrosia.
 12697 | Lair:4   | 12697 ||| INVOKING Heroism.
 12737 | Lair:4   | 12737 ||| INVOKING Heroism.
 12761 | Lair:4   | 12761 ||| Stepping ~*~*~tactically~*~*~ (stealth).
 12772 | Lair:4   | 12772 ||| INVOKING Heroism.
 12844 | Lair:4   | 12844 ||| Stepping ~*~*~tactically~*~*~ (stealth).
 12854 | Lair:4   | 12854 ||| Stepping ~*~*~tactically~*~*~ (stealth).
 12855 | Lair:4   | 12855 ||| Stepping ~*~*~tactically~*~*~ (stealth).
 12859 | Lair:4   | 12859 ||| Stepping ~*~*~tactically~*~*~ (stealth).
 13042 | Lair:4   | 13042 ||| READING scroll of enchant weapon.
 13042 | Lair:4   | 13042 ||| ENCHANTING +1 vampiric broad axe.
 13107 | Lair:4   | 13107 ||| INVOKING Heroism.
 13222 | Lair:4   | 13222 ||| INVOKING Heroism.
 13365 | Lair:4   | 13365 ||| INVOKING Heroism.
 13366 | Lair:4   | 13366 ||| INVOKING Finesse.
 13367 | Lair:4   | Found a staircase to the Slime Pits.
 13368 | Lair:4   | Found a viscous altar of Jiyva.
 13384 | Lair:4   | 13384 ||| DRINKING 2 potions of cancellation.
 13384 | Lair:4   | HP: 7/84 [oklob plant/splash of acid (19)]
 13385 | Lair:4   | 13385 ||| READING 10 scrolls of teleportation.
 13385 | Lair:4   | HP: 3/84 [oklob plant/splash of acid (1)]
 13385 | Lair:4   | Killed from afar by an oklob plant

Levels and vault maps discovered:
D:1:      eino_arrival_cavern_a, layout_rooms,
          dreamdust_ecumenical_altar_sealed_demon
D:2:      layout_basic, uniq_robin
D:3:      layout_basic, amcnicky_altar_gilded,
          mainiacjoe_overflow_concentric_impassable, serial_shops,
          nicolae_shop_stone, nicolae_shop_crystal, nicolae_shop_statue_plus,
          hex_tiny, due_unseen_surprise, uniq_terence
D:4:      layout_cave_pools, minmay_temple_entry_fiery, uniq_blork_the_orc
D:5:      layout_cave_pools, marbit_many_paths, mainiacjoe_overflow_paths
D:6:      layout_basic, mainiacjoe_overflow_cross_hatched, uniq_grinder,
          uniq_prince_ribbit1, uniq_crazy_yiuf_cottage
D:7:      layout_basic
D:8:      layout_loops_corners, grunt_temple_overflow_champion_of_chaos,
          mainiacjoe_overflow_brackets, serial_rivers,
          chequers_serial_rivers_room_b, chequers_serial_rivers_room_a,
          chequers_serial_rivers_small_3, chequers_serial_rivers_micro_d,
          chequers_serial_rivers_room_b, chequers_serial_rivers_micro_d,
          ebering_ghost_gozag
D:9:      layout_long_grid, lemuel_tele_altar, nicolae_overflow_hidden_temple,
          orc_0_dummy, enter_bailey_2, nicolae_transporter_circle
D:10:     layout_roguey, minmay_misc_feat_doors, bh_walls_and_bars, uniq_fannar,
          uniq_erolcha, uniq_maurice
D:11:     layout_irregular_city, david_lair_shrubbed,
          nicolae_trove_entry_diagonal, nicolae_lava_and_water,
          minmay_lindwurm_lava, uniq_erica
Lair:1:   layout_loops_ring, grunt_megastairs_1, uniq_joseph
Lair:2:   layout_hall_layers, cheibrodos_lair_lostbears
Lair:3:   layout_big_grid, minmay_swamp_entry_eels,
          nicolae_spider_entry_non_spiders, enter_volcano_2, uniq_snorg
Lair:4:   layout_gridlike, minmay_slime_entry_oklob_open,
          grunt_forest_large_clearings, grunt_megastairs_3

Skill      XL: |  1  2  3  4  5  6  7  8  9 10 11 12 13 |
---------------+----------------------------------------+-----
Axes           | 2 3 4 5 6 8 9 10 11 13 14 | 14.6
Fighting       | 4 5 7 8 9 10 11 | 11.0
Invocations    | 1 4 7 10 | 10.0
Throwing       | 3 4 5 |  5.5
Shields        | 4 5 6 7 |  7.0
Dodging        | 1 2 3 4 |  4.0
Armour         | 4 5 6 7 |  7.0

Action                   |  1- 3 |  4- 6 |  7- 9 | 10-12 | 13-15 || total
-------------------------+-------+-------+-------+-------+-------++-------
Melee: War axe           |    93 |   156 |   267 |   214 |       ||   730
       Broad axe         |       |       |       |   386 |   249 ||   635
Throw: Javelin           |       |       |     9 |    86 |    45 ||   140
Invok: Heroism           |       |       |    12 |    30 |    13 ||    55
       Finesse           |       |       |       |     6 |     3 ||     9
  Use: Scroll            |     4 |     6 |     4 |     8 |     3 ||    25
       Potion            |     1 |     3 |     2 |       |     1 ||     7
Armor: Scale mail        |    33 |       |       |       |       ||    33
       Ring mail         |       |    91 |   128 |   345 |    79 ||   643
Dodge: Dodged            |    34 |    78 |    97 |   236 |    79 ||   524
Block: Buckler           |    20 |    22 |    49 |   140 |    86 ||   317
       Reflection        |       |       |       |       |     2 ||     2

Table legend:
 A = Non-vault XP
 B = Vault XP
 C = Vault XP percentage of total XP
 D = Non-vault monster count
 E = Vault monster count
 F = Vault count percentage of total count
                 A         B        C        D         E       F
            +---------+---------+-------+---------+---------+-------
      Total |   37589 |   12260 |  24.6 |     288 |      67 |  18.9
            +---------+---------+-------+---------+---------+-------
        D:1 |      21 |       0 |   0.0 |      13 |       0 |   0.0
        D:2 |      40 |      29 |  42.0 |      17 |       8 |  32.0
        D:3 |     162 |      36 |  18.2 |      17 |       1 |   5.6
        D:4 |     178 |      85 |  32.3 |      13 |       1 |   7.1
        D:5 |     321 |      80 |  20.0 |       9 |       1 |  10.0
        D:6 |     804 |     551 |  40.7 |      22 |       2 |   8.3
        D:7 |    2034 |       0 |   0.0 |      27 |       0 |   0.0
        D:8 |    1543 |      48 |   3.0 |      30 |       1 |   3.2
        D:9 |    2540 |       0 |   0.0 |      32 |       0 |   0.0
       D:10 |    3531 |    3052 |  46.4 |      20 |       4 |  16.7
       D:11 |    2447 |     361 |  12.9 |       7 |       1 |  12.5
     Lair:1 |    3588 |    1733 |  32.6 |      18 |       7 |  28.0
     Lair:2 |    9552 |     607 |   6.0 |      28 |       2 |   6.7
     Lair:3 |    5800 |    1858 |  24.3 |      19 |      13 |  40.6
     Lair:4 |    5028 |    3820 |  43.2 |      16 |      26 |  61.9
            +---------+---------+-------+---------+---------+-------
